 Dungeon Crawl Stone Soup version 0.28-a0-512-g960c72b710 (webtiles) character file.

Game seed: 2919603611311441964

245 Murumi the Chucker (level 6, -6/61 HPs)
             Began as an Ogre Gladiator on Sept 22, 2021.
             Killed by divine providence
             ... invoked by an orc priest
              (13 damage)
             ... on level 4 of the Dungeon.
             The game lasted 00:11:58 (4552 turns).

Murumi the Chucker (Ogre Gladiator)                 Turns: 4552, Time: 00:11:58

Health: -6/61      AC:  3    Str: 19    XL:     6   Next: 10%
Magic:  6/6        EV: 11    Int: 11    God:
Gold:   88         SH:  0    Dex: 16    Spells: 5/5 levels left

rFire   . . .      SeeInvis .   q - +0 whip
rCold   . . .      Faith    .   (no shield)
rNeg    . . .      Spirit   .   b - +0 robe
rPois   +          Reflect  .   c - +0 hat
rElec   .          Harm     .   (no cloak)
rCorr   .          Rampage  .   (gloves unavailable)
Will    .....                   (boots unavailable)
Stlth   ++........              (no amulet)
HPRegen 0.20/turn               h - ring of poison resistance
MPRegen 0.10/turn               m - +6 ring of dexterity

@: no status effects
A: large, unfitting armour, tough skin 1
a: no special abilities


You were on level 4 of the Dungeon.
You visited 1 branch of the dungeon, and saw 4 of its levels.

You collected 88 gold pieces.

Inventory:

Hand Weapons
 a - a +0 flail
 n - a +0 morningstar
 q - a +0 whip (weapon)
Missiles
 d - 3 throwing nets
 g - 32 stones
 j - 27 poisoned darts (quivered)
 k - 8 boomerangs
Armour
 b - a +0 robe (worn)
 c - a +0 hat (worn)
Jewellery
 h - a ring of poison resistance (left hand)
 m - a +6 ring of dexterity (right hand)
 o - a ring of ice
Wands
 r - a wand of flame (12)
Scrolls
 l - 2 scrolls of amnesia
Potions
 e - 2 potions of curing {unknown}
 f - a potion of mutation {unknown}
 i - 2 potions of brilliance {unknown}
 p - a potion of heal wounds {unknown}
Miscellaneous
 s - a piece from Xom's chessboard (15/15)


   Skills:
 - Level 3.0 Fighting
 + Level 3.0 Maces & Flails
 - Level 4.0 Throwing
 - Level 3.0 Dodging
 - Level 3.0 Stealth
 - Level 1.0 Evocations


You had 5 spell levels left.
You didn't know any spells.
Your spell library was empty.

Dungeon Overview and Level Annotations

Branches:
Dungeon (4/15)             Temple (0/1) D:4

Altars:
Wu Jian

Annotations:
D:4 Pikel, Sigmund


Innate Abilities, Weirdness & Mutations

You are too large for most types of armour.
You have tough skin. (AC +1)


Message History

The orc wizard hits you but does no damage.
You hit the orc wizard.
You kill the orc wizard!
Training target 3.0 for Stealth reached!
Your Stealth skill increases to level 3!
You need to enable at least one skill for training.
You have reached level 6!
Your experience leads to an increase in your attributes!
Your base attributes are Str 18, Int 10, Dex 10.
Increase (S)trength, (I)ntelligence, or (D)exterity?
You feel clever.
You feel stronger.
You hit the orc priest.
The orc priest is moderately wounded.
The orc priest hits you with a +0 dagger.
* * * LOW HITPOINT WARNING * * *
You hit the orc priest but do no damage.
The orc priest is moderately wounded.
The orc priest closely misses you.
An orc comes into view. It is wielding a +0 club.
The orc shouts!
You hit the orc priest.
The orc priest is moderately wounded.
The orc priest hits you with a +0 dagger.
* * * LOW HITPOINT WARNING * * *
You hit the orc priest.
The orc priest is heavily wounded.
The orc priest calls down the wrath of Beogh upon you.
You struggle to resist.
You barely miss the orc priest.
The orc priest is heavily wounded.
The orc priest hits you with a +0 dagger.
* * * LOW HITPOINT WARNING * * *
You hit the orc priest but do no damage.
The orc priest is heavily wounded.
The orc priest hits you but does no damage.
You closely miss the orc priest.
The orc priest is heavily wounded.
The orc priest calls down the wrath of Beogh upon you.
Beogh smites you!
You die...

### #.. #.#
#.# #.# #####
#?###.##..((..
#.....@ooo....
#####.##)...##
#.# #.## #.# #
#.# #.#
######.#
#.<....#
#.######


You could see an orc priest and 2 orcs.

Vanquished Creatures
  A lemure (D:3)
  A kobold brigand (D:3)
  2 orc wizards
  4 adders
  A worm (D:2)
  3 dart slugs
  10 orcs
  5 ball pythons
  7 bats
  4 endoplasms
  2 giant cockroaches (D:3)
  9 hobgoblins
  6 jackals (D:2)
  A quokka (D:1)
  3 frilled lizards
  4 goblins
  4 kobolds
  8 rats
75 creatures vanquished.

Vanquished Creatures (others)
  A plant (D:1)
1 creature vanquished.

Grand Total: 76 creatures vanquished

Notes
Turn   | Place    | Note
-------+----------+-------------------------------------------
     0 | D:1      | Murumi the Ogre Gladiator began the quest for the Orb.
     0 | D:1      | Reached XP level 1. HP: 22/22 MP: 1/1
   271 | D:1      | Reached XP level 2. HP: 12/31 MP: 2/2
   540 | D:1      | Found a faded altar of an unknown god.
  1042 | D:2      | Reached skill level 1 in Stealth
  1127 | D:2      | Reached XP level 3. HP: 33/37 MP: 3/3
  1738 | D:2      | Reached XP level 4. HP: 38/45 MP: 4/4
  2849 | D:3      | Reached skill level 3 in Throwing
  2922 | D:3      | Reached XP level 5. HP: 29/53 MP: 5/5
  3474 | D:3      | Noticed a kobold brigand
  3498 | D:3      | Reached skill level 4 in Throwing
  3874 | D:3      | Found an ornate altar of the Wu Jian Council.
  4029 | D:3      | Killed a kobold brigand
  4030 | D:3      | Reached skill level 1 in Evocations
  4234 | D:4      | Noticed Sigmund
  4291 | D:4      | Noticed a lemure
  4291 | D:4      | Noticed a lemure
  4291 | D:4      | Noticed a lemure
  4291 | D:4      | Found a staircase to the Ecumenical Temple.
  4291 | D:4      | Noticed Pikel
  4319 | D:3      | Killed a lemure
  4546 | D:4      | Reached XP level 6. HP: 12/61 MP: 6/6
  4552 | D:4      | Killed from afar by an orc priest

Illustrated notes

Levels and vault maps discovered:
D:1:      denvon_arrival_planthouse, layout_basic,
          dreamdust_ecumenical_altar_angels_and_demons
D:2:      layout_basic, st_stairs_8, minmay_box_of_dots
D:3:      minmay_octagon_keep, layout_loops_cross,
          nicolae_wu_jian_immortal_techniques, serial_co_window_serial,
          co_window_paths_a, co_window_paths_a, co_window_paths_a,
          co_window_paths_a, co_window_corner_a, co_window_corner_b,
          co_window_broadway_a, co_window_corner_ca, glass_columns_b,
          minmay_misc_feat_pillars, bh_walls_and_bars
D:4:      minmay_spotlight, layout_loops_ring, minmay_overflow_temple_star_quad,
          serial_park_tiny_pond, uniq_edmund, uniq_sigmund, uniq_pikel

Skill      XL: |  1  2  3  4  5 |
---------------+----------------+-----
Fighting       | 3 |  3.0
Maces & Flails | 3 |  3.0
Dodging        | 3 |  3.0
Stealth        | 1 2 3 |  3.0
Throwing       | 3 4 |  4.0
Evocations     | 1 |  1.0

Action                   |  1- 3 |  4- 6 || total
-------------------------+-------+-------++-------
Melee: Flail             |   150 |    73 ||   223
       Whip              |       |    81 ||    81
Throw: Stone             |    35 |    26 ||    61
       Dart              |       |    13 ||    13
       Boomerang         |       |     5 ||     5
  Use: Scroll            |     2 |       ||     2
 Stab: Sleeping          |     3 |     5 ||     8
Armor: Robe              |    60 |    22 ||    82
Dodge: Dodged            |    97 |    73 ||   170

Table legend: (Time is in decaauts)
 A = Elapsed time spent in this place.
 B = Non-inter-level travel time spent in this place.
 C = Inter-level travel time spent in this place.
 D = Time resting spent in this place.
 E = Time spent auto-exploring this place.
 F = Levels seen in this place.
 G = Mean time per level.
                   A        B        C        D        E       F      G
               +--------+--------+--------+--------+--------+-----+--------+
         Total |   4604 |   3961 |    643 |    215 |   3048 |   4 | 1151.0 |
       Dungeon |   4604 |   3961 |    643 |    215 |   3048 |   4 | 1151.0 |
               +--------+--------+--------+--------+--------+-----+--------+

Top non-repeatable levels by time:
     D:3: 2164 daAuts
     D:2: 1349 daAuts
     D:1: 1047 daAuts
     D:4: 43 daAuts
